 Dungeon Crawl Stone Soup version 0.26.1-11-gd32895ea62 (webtiles) character file.

Game seed: 488793982793229351

301037 robloxmaster the Executioner (level 21, -16/201 HPs)
             Began as a Hill Orc Fighter on May 20, 2021.
             Was the Champion of the Shining One.
             Killed from afar by a tengu reaver (60 damage)
             ... with a bolt of magma
             ... on level 5 of the Vaults.
             The game lasted 01:50:54 (37706 turns).

robloxmaster the Executioner (Hill Orc Fighter)    Turns: 37706, Time: 01:50:55

Health: -16/201    AC: 38    Str: 43    XL:     21   Next: 39%
Magic:  15/27      EV: 13    Int:  4    God:    the Shining One [******]
Gold:   2968       SH: 41    Dex: 12    Spells: 20/20 levels left

rFire    . . .     SeeInvis .   B - +0 broad axe (vorpal)
rCold    . . .     Faith    .   H - +10 tower shield of Ignorance {rN+ Int-4}
rNeg     + + +     Spirit   .   R - +0 crystal plate armour
rPois    +         Reflect  +   (helmet restricted)
rElec    .         Harm     .   M - +1 cloak "Qyxten" {rN+ Str+5 Slay+2}
rCorr    .         Rampage  .   S - +0 pair of gloves {Str+3}
Will     +....                  E - +2 pair of boots "Roerit" {rPois}
Stlth    ..........             D - amulet of reflection
HPRegen  0.00/turn              J - +4 ring of protection
MPRegen  0.20/turn              x - +6 ring of strength

@: marked, hasted, glowing, very quick
A: beak, thin skeletal structure 1, inhibited regeneration
}: 1/15 runes: gossamer
a: Renounce Religion, Divine Shield, Cleansing Flame, Summon Divine Warrior,
Brand Weapon With Holy Wrath


You were on level 5 of the Vaults.
You worshipped the Shining One.
The Shining One was exalted by your worship.
You visited 6 branches of the dungeon, and saw 33 of its levels.
You also visited: Bailey, Gauntlet and Volcano.

You collected 3270 gold pieces.
You spent 302 gold pieces at shops.

Inventory:

Hand Weapons
 a - a +0 war axe of freezing
 B - a +0 vorpal broad axe (weapon)
 P - a +0 broad axe
 T - a +3 broad axe
Missiles
 Q - 6 throwing nets (quivered)
Armour
 E - the +2 pair of boots "Roerit" (worn) {rPois}
   (You found it on level 11 of the Dungeon)

   It protects you from poison.
 H - the +10 tower shield of Ignorance (worn) {rN+ Int-4}
   (You found it on level 7 of the Dungeon)

   It affects your intelligence (-4).
   It protects you from negative energy.
 M - the +1 cloak "Qyxten" (worn) {rN+ Str+5 Slay+2}
   (You found it on level 12 of the Dungeon)

   It affects your strength (+5).
   It affects your accuracy and damage with ranged weapons and melee attacks
   (+2).
   It protects you from negative energy.
 R - a +0 crystal plate armour (worn)
 S - a +0 pair of gloves of strength (worn)
Jewellery
 c - an uncursed ring of see invisible
 g - an uncursed ring of protection from cold
 x - a +6 ring of strength (right hand)
 z - an uncursed ring of protection from fire
 A - an uncursed ring of protection from fire
 D - an amulet of reflection (around neck)
 J - a +4 ring of protection (left hand)
 L - an uncursed ring of protection from fire
Wands
 b - a wand of polymorph (34)
 h - a wand of iceblast (45)
 k - a wand of paralysis (30)
 o - a wand of digging (2)
 y - a wand of flame (25)
 F - a wand of acid (26)
 N - a wand of enslavement (6)
 U - a wand of disintegration (20)
Scrolls
 e - 24 scrolls of identify
 f - 10 scrolls of immolation
 j - 13 scrolls of remove curse
 l - 3 scrolls of enchant armour
 m - 6 scrolls of amnesia
 n - a scroll of fear {unknown}
 q - 6 scrolls of fog
 r - 4 scrolls of enchant weapon
 t - 3 scrolls of blinking
 G - 2 scrolls of silence {unknown}
 I - 7 scrolls of teleportation
 K - 4 scrolls of magic mapping
 X - 4 scrolls of vulnerability {unknown}
Potions
 d - 2 potions of haste
 i - 6 potions of flight
 s - 2 potions of lignification
 u - 6 potions of cancellation
 v - 7 potions of curing
 w - 4 potions of brilliance
 C - 4 potions of mutation
 O - a potion of resistance
 W - 6 potions of ambrosia
 Y - 3 potions of might
 Z - a potion of berserk rage


   Skills:
 + Level 20.1 Fighting
 + Level 21.4 Axes
 + Level 18.7 Armour
 - Level 12.0 Dodging
 + Level 18.8 Shields
 - Level 9.3 Invocations
 - Level 5.4 Evocations


You had 20 spell levels left.
You didn't know any spells.
Your spell library contained the following spells:

 Spells                   Type           Power        Failure   Level
 Foxfire                  Conj/Fire      0%           100%        1
 Freeze                   Ice            0%           100%        1
 Magic Dart               Conj           0%           100%        1
 Shock                    Conj/Air       0%           100%        1
 Summon Small Mammal      Summ           0%           100%        1
 Blink                    Tloc           N/A          100%        2
 Call Imp                 Summ           0%           100%        2
 Poisonous Vapours        Pois/Air       0%           100%        2
 Slow                     Hex            0%           100%        2
 Swiftness                Air            0%           100%        2
 Call Canine Familiar     Summ           0%           100%        3
 Confusing Touch          Hex            0%           100%        3
 Conjure Flame            Conj/Fire      0%           100%        3
 Frozen Ramparts          Ice            0%           100%        3
 Gell's Gravitas          Tloc           0%           100%        3
 Inner Flame              Hex/Fire       0%           100%        3
 Mephitic Cloud           Conj/Pois/Air  0%           100%        3
 Ozocubu's Armour         Ice            0%           100%        3
 Static Discharge         Conj/Air       0%           100%        3
 Summon Guardian Golem    Hex/Summ       0%           100%        3
 Airstrike                Air            0%           100%        4
 Hailstorm                Conj/Ice       0%           100%        4
 Petrify                  Tmut/Erth      0%           100%        4
 Sticky Flame             Conj/Fire      0%           100%        4
 Summon Ice Beast         Ice/Summ       0%           100%        4
 Summon Lightning Spire   Summ/Air       0%           100%        4
 Bolt of Magma            Conj/Fire/Erth 0%           100%        5
 Fireball                 Conj/Fire      0%           100%        5
 Iskenderun's Battlesphe  Conj           0%           100%        5
 Lightning Bolt           Conj/Air       0%           100%        5
 Metabolic Englaciation   Hex/Ice        0%           100%        5
 Yara's Violent Unravell  Hex/Tmut       0%           100%        5
 Freezing Cloud           Conj/Ice/Air   0%           100%        6
 Iron Shot                Conj/Erth      0%           100%        6
 Orb of Destruction       Conj           0%           100%        7
 Spellforged Servitor     Conj/Summ      0%           100%        7


Dungeon Overview and Level Annotations

Branches:
Dungeon (15/15)            Temple (1/1) D:4            Lair (6/6) D:11
 Shoals (0/4) Lair:2       Spider (4/4) Lair:2        Slime (0/5) Lair:5
    Orc (2/2) D:10            Elf (0/3) Orc:2        Vaults (5/5) D:14
  Crypt (0/3) Vaults:2     Depths (0/5) D:15         Bailey (visited)
Volcano (visited)         Gauntlet (visited)

Altars:
Ashenzari
Dithmenos
Elyvilon
Gozag
Kikubaaqudgha
Makhleb
Okawaru
Qazlal
Ru
Sif Muna
Uskayaw
Vehumet
Wu Jian
Yredelemnul
Zin
The Shining One
Beogh

Shops:
D:4 !   D:5 *:   Orc:1 =   Orc:2 [(:?[   Vaults:1 *   Vaults:2 [?**
Vaults:4 [

Annotations:
D:7 1 runed translucent door, exclusion: 4 orange crystal statues
Lair:1 exclusion: oklob plant
Lair:5 exclusion: 2 oklob plants
Spider:1 2 transporters, Erdrick0110's ghost, adept HOFi
Vaults:3 3 runed translucent doors, phalm's ghost, adept GnCj


Innate Abilities, Weirdness & Mutations

You have a beak for a mouth.
You have a somewhat thin skeletal structure. (Dex +2, Stealth)
You do not regenerate when monsters are visible.


Message History

The mark upon you grows brighter.
You barely miss the vault warden. You peck the vault warden!
The vault warden is heavily wounded.
The deep elf high priest utters an invocation to its god.
The deep elf high priest begins emitting a brilliant aura!
The fire giant is empowered by the deep elf high priest's aura!
The vault sentinel is empowered by the deep elf high priest's aura!
The tengu reaver is empowered by the deep elf high priest's aura! x2
The fire giant is empowered by the deep elf high priest's aura!
The fire giant casts a spell at you. The bolt of fire misses you.
The vault warden unwields a +0 arbalest.
The vault warden wields a +1 great sword of holy wrath.
It softly glows with a divine radiance!
You block the vault warden's attack.
You open the vault warden like a pillowcase!!!
You kill the vault warden!
The runic seal fades away.
The tengu reaver gestures at you while chanting.
The bolt of magma hits you!!!
You die...

.....#..p.#..#
.....#....#C.#####D.
e..).#....#.)[......
..)..(.()(p.).......
####...()[[.###################
p......<<([CQ.(.*.....!........
......<.(§ce...................
$......<<.C.CQ..).(............
....)...........@p.............
####........###################
.(.......... #...#....#....
##..#....#..... .! #....#.....


You could see 2 fire giants, 2 tengu reavers, a yaktaur captain, a vault guard,
an ettin, a vault sentinel (empowered), a deep elf high priest (brilliance aura)
and a battlesphere.

Vanquished Creatures
  2 tentacled monstrosities
  A lich (Vaults:3)
  3 titans (Vaults:5)
  A quicksilver dragon (Vaults:5)
  2 sphinxes
  3 tengu reavers
  A storm dragon (Vaults:5)
  4 shadow dragons (Vaults:5)
  2 fire giants
  2 deep elf sorcerers (Vaults:2)
  A frost giant (Vaults:4)
  An iron dragon (Vaults:5)
  5 emperor scorpions
  16 vault wardens
  4 ghost moths
  Aizul (Spider:4)
  2 curse skulls (Vaults:2)
  A ghoul (Vaults:1)
  8 ironheart preservers
  A very ugly thing (Vaults:5)
  A deep elf elementalist (Vaults:5)
  7 stone giants
  A minotaur (Gauntlet)
  3 entropy weavers
  A deep elf demonologist (Vaults:4)
  A vampire knight (Vaults:2)
  2 deep elf annihilators
  A spark wasp (Spider:4)
  A fire dragon (Vaults:3)
  3 ettins
  6 yaktaur captains
  29 vault guards
  Fannar (Orc:1)
  A rakshasa (Vaults:3)
  3 ice dragons
  6 hydras
  10 boulder beetles
  5 great orbs of eyes
  13 two-headed ogres
  10 centaur warriors
  A queen ant (Lair:6)
  8 ogre magi
  4 catoblepae (Lair:6)
  3 death knights
  An orc high priest (Orc:2)
  6 death yaks (Lair:6)
  A hell knight (Volcano)
  Nergalle (Lair:1)
  Urug (Lair:2)
  A fire crab (shapeshifter) (D:14)
  2 deep elf knights (Vaults:4)
  A fire crab (D:14)
  3 shadow wraiths
  11 skeletal warriors
  A salamander mystic (Volcano)
  2 flayed ghosts
  A deep troll (D:14)
  5 unseen horrors
  2 glowing orange brains
  4 wizards
  A tengu zombie (Vaults:3)
  2 phantasmal warriors
  8 harpies
  A deep elf archer (Vaults:4)
  13 deep elf magi
  17 orc knights
  10 ironbrand convokers
  42 wolf spiders
  4 manticores
  4 necromancers
  2 shadow dragon skeletons
  2 orc sorcerers
  14 orb spiders
  12 cyclopes
  54 ugly things
  6 salamanders (Volcano)
  An elephant (shapeshifter) (Vaults:4)
  A fire giant skeleton (Vaults:4)
  A moth of wrath (Spider:4)
  3 torpor snails
  A frost giant skeleton (Vaults:4)
  2 elephants (Lair:6)
  4 black mambas
  10 cane toads
  8 vault sentinels
  2 cane toads (shapeshifter)
  Psyche (D:11)
  A naga mage (D:15)
  A gargoyle (D:14)
  A rime drake (Lair:5)
  A komodo dragon (shapeshifter) (D:14)
  23 demonic crawlers
  12 komodo dragons
  29 yaktaurs
  2 freezing wraiths (Vaults:1)
  A kobold demonologist (D:14)
  31 jumping spiders
  An efreet (D:13)
  A troll (shapeshifter) (Vaults:3)
  7 trolls
  A queen bee (Gauntlet)
  2 polar bears
  14 hornets
  9 blink frogs
  A tyrant leech (Gauntlet)
  10 slime creatures
  A raiju (shapeshifter) (Vaults:1)
  A shadow (D:15)
  38 tarantellas
  5 wraiths
  111 redbacks
  65 yaks
  A vampire (D:10)
  Eustachio (D:6)
  2 wyverns
  3 basilisks
  A hog (shapeshifter) (Vaults:2)
  2 humans (shapeshifter)
  2 humans (D:9)
  A human simulacrum (Vaults:3)
  A vampire mosquito (D:14)
  6 wargs
  11 soldier ants
  2 hell hounds (Lair:6)
  2 swamp worms (Gauntlet)
  Edmund (D:6)
  A water moccasin (shapeshifter) (D:15)
  3 acid dragons
  A floating eye (shapeshifter) (Gauntlet)
  14 water moccasins
  3 sky beasts
  59 orc warriors
  4 ice beasts
  8 black bears
  2 human zombies
  27 centaurs
  2 phantoms
  21 ogres
  Blork the orc (D:6)
  7 big kobolds
  A wyvern zombie (D:9)
  22 bullfrogs
  12 gnoll sergeants
  A human skeleton (Vaults:4)
  2 hornet simulacra (D:15)
  3 scorpions
  An elf simulacrum (Vaults:2)
  22 killer bees
  5 wights (D:11)
  4 howler monkeys
  A howler monkey (shapeshifter) (Gauntlet)
  4 electric eels
  A quasit (D:9)
  2 bullfrog zombies
  6 gnoll shamans (Bailey)
  4 jellies
  8 centaur skeletons
  6 hounds
  2 bullfrog skeletons
  16 orc priests
  Terence (D:2)
  3 iguanas
  13 orc wizards
  24 worker ants
  2 hound zombies (D:5)
  2 hound skeletons
  7 adders
  26 gnolls
  A shadow imp (D:7)
  A white imp (D:8)
  2 ufetubi
  An ooze (D:4)
  An adder zombie (D:5)
  2 dart slugs
  4 worms
  11 leopard geckos
  114 orcs
  9 giant cockroaches
  10 goblins
  5 hobgoblins
  10 jackals
  2 quokkas
  2 ball pythons
  6 bats
  6 frilled lizards
  25 kobolds
  A leopard gecko zombie (D:6)
  6 rats
  A bush (Lair:6)
  A crawling corpse (Vaults:5)
1431 creatures vanquished.

Vanquished Creatures (collateral kills)
  A storm dragon (Vaults:4)
  A frost giant (Vaults:5)
  An entropy weaver (Lair:6)
  A hydra (Lair:6)
  A yaktaur captain (Vaults:5)
  A two-headed ogre (Vaults:5)
  A deep elf mage (Vaults:5)
  An elephant (Lair:6)
  3 yaks (Lair:6)
  5 soldier ants (Lair:6)
  A crawling corpse (Vaults:5)
17 creatures vanquished.

Vanquished Creatures (others)
  2 orcs
  6 bushes (D:14)
  22 fungi
  44 plants
  22 withered plants (Gauntlet)
96 creatures vanquished.

Grand Total: 1544 creatures vanquished

Notes
Turn   | Place    | Note
-------+----------+-------------------------------------------
     0 | D:1      | robloxmaster the Hill Orc Fighter began the quest for the
                  | Orb.
     0 | D:1      | Reached XP level 1. HP: 19/19 MP: 1/1
   224 | D:1      | Reached skill level 3 in Axes
   224 | D:1      | Reached XP level 2. HP: 25/27 MP: 2/2
   680 | D:1      | Reached XP level 3. HP: 33/33 MP: 3/3
   830 | D:2      | Noticed Terence
   850 | D:2      | Killed Terence
   851 | D:2      | Reached XP level 4. HP: 6/41 MP: 4/4
  1553 | D:2      | Found an ornate altar of the Wu Jian Council.
  1777 | D:3      | Found a white marble altar of Elyvilon.
  1953 | D:3      | Reached skill level 4 in Axes
  1953 | D:3      | Reached XP level 5. HP: 44/47 MP: 5/5
  2135 | D:3      | Found a shimmering blue altar of Sif Muna.
  2158 | D:4      | Found Qouwuh's Distillery.
  2357 | D:4      | Noticed an ogre
  2420 | D:3      | Killed an ogre
  2421 | D:3      | Reached skill level 5 in Fighting
  2421 | D:3      | Reached XP level 6. HP: 37/56 MP: 6/6
  2768 | D:4      | Found a staircase to the Ecumenical Temple.
  2780 | Temple   | Entered the Ecumenical Temple
  2893 | Temple   | Became a worshipper of the Shining One
  2964 | D:4      | Reached skill level 5 in Axes
  3044 | D:4      | Bought a potion of heal wounds for 65 gold pieces
  3044 | D:4      | Bought a potion of curing for 39 gold pieces
  3214 | D:4      | Reached skill level 5 in Armour
  3214 | D:4      | Reached skill level 5 in Shields
  3214 | D:4      | Reached XP level 7. HP: 25/61 MP: 7/7
  3711 | D:5      | Entered Level 5 of the Dungeon
  4135 | D:5      | Reached skill level 6 in Axes
  4257 | D:5      | Found Wesogiby's General Store.
  4354 | D:5      | Reached * piety under the Shining One
  4363 | D:5      | Reached XP level 8. HP: 71/71 MP: 8/8
  4381 | D:5      | Found a burning altar of Makhleb.
  4545 | D:5      | Found a stormy altar of Qazlal.
  4608 | D:5      | Found Ysmopyur's Book Boutique.
  4701 | D:5      | Found a glowing silver altar of Zin.
  4872 | D:6      | Noticed Edmund
  4888 | D:6      | Killed Edmund
  4889 | D:6      | Reached skill level 7 in Axes
  5214 | D:6      | Noticed Eustachio
  5237 | D:6      | Killed Eustachio
  5555 | D:6      | Noticed Blork the orc
  5572 | D:6      | Killed Blork the orc
  5573 | D:6      | Reached XP level 9. HP: 58/79 MP: 9/9
  6202 | D:7      | Found a runed translucent door.
  6207 | D:7      | Found the +10 tower shield of Ignorance {rN+ Int-4}
  6234 | D:7      | Noticed an orange crystal statue
  6234 | D:7      | Noticed an orange crystal statue
  6234 | D:7      | Noticed an orange crystal statue
  6234 | D:7      | Noticed an orange crystal statue
  6300 | D:7      | Found a runed translucent door.
  6424 | D:7      | Found a shadowy altar of Dithmenos.
  6615 | D:7      | Noticed a hornet
  6622 | D:7      | Killed a hornet
  6623 | D:7      | Reached skill level 8 in Axes
  6805 | D:7      | Found an opulent altar of Gozag.
  6823 | D:7      | Noticed a green ugly thing
  6839 | D:7      | Killed a green ugly thing
  7868 | D:8      | Reached skill level 9 in Axes
  8168 | D:9      | Reached ** piety under the Shining One
  8487 | D:9      | Found a sacrificial altar of Ru.
  8507 | D:9      | Reached XP level 10. HP: 82/91 MP: 10/10
  8545 | D:9      | Found an iron altar of Okawaru.
  9117 | D:9      | Found an iron altar of Okawaru.
  9325 | D:10     | Entered Level 10 of the Dungeon
  9488 | D:10     | Reached skill level 10 in Axes
 10076 | D:10     | Reached skill level 10 in Fighting
 10654 | D:10     | Found a staircase to the Orcish Mines.
 10703 | D:10     | Reached XP level 11. HP: 101/101 MP: 11/11
 11216 | D:11     | Reached skill level 11 in Axes
 11248 | D:11     | Reached *** piety under the Shining One
 11497 | D:11     | Noticed a boulder beetle
 11524 | D:11     | Killed a boulder beetle
 11525 | D:11     | Reached skill level 10 in Armour
 11525 | D:11     | Reached skill level 10 in Shields
 11847 | D:11     | Got a pair of scorched boots
 11865 | D:11     | Identified the +2 pair of boots "Roerit" {rPois} (You found
                  | it on level 11 of the Dungeon)
 11878 | D:11     | Found a roughly hewn altar of Beogh.
 11972 | D:11     | Noticed Psyche
 11977 | D:11     | Killed Psyche
 12055 | D:11     | Noticed a white ugly thing
 12068 | D:11     | Killed a white ugly thing
 12229 | D:11     | Found a staircase to the Lair.
 12434 | D:12     | Noticed a cyclops
 12434 | D:12     | Reached **** piety under the Shining One
 12441 | D:12     | Killed a cyclops
 12442 | D:12     | Reached skill level 12 in Axes
 12442 | D:12     | Reached skill level 1 in Invocations
 12468 | D:12     | Noticed an unseen horror
 12480 | D:12     | Killed an unseen horror
 12536 | D:12     | Noticed a purple ugly thing
 12549 | D:12     | Killed a purple ugly thing
 12552 | D:12     | Reached XP level 12. HP: 82/111 MP: 13/13
 12553 | D:12     | Paralysed by a hornet for 1 turns
 12557 | D:12     | Got an encrusted cloak
 12568 | D:12     | Identified the +1 cloak "Qyxten" {rN+ Str+5 Slay+2} (You
                  | found it on level 12 of the Dungeon)
 13462 | D:13     | Noticed a centaur warrior
 13470 | D:13     | Killed a centaur warrior
 13671 | D:13     | Noticed a centaur warrior
 13681 | D:13     | Killed a centaur warrior
 14052 | D:14     | Noticed a two-headed ogre
 14053 | D:14     | Noticed an ogre mage
 14060 | D:14     | Noticed a two-headed ogre
 14062 | D:14     | Noticed a two-headed ogre
 14066 | D:14     | Noticed a centaur warrior
 14067 | D:14     | Noticed a two-headed ogre
 14098 | D:14     | Noticed a vault guard
 14101 | D:14     | Noticed a boulder beetle
 14110 | D:14     | Killed a two-headed ogre
 14111 | D:14     | Reached skill level 5 in Invocations
 14119 | D:14     | Killed a centaur warrior
 14120 | D:14     | Reached skill level 13 in Axes
 14501 | D:14     | Found a flagged portal.
 14519 | Bailey   | Entered a bailey
 15497 | D:14     | Killed a two-headed ogre
 15701 | D:14     | Reached XP level 13. HP: 119/119 MP: 17/17
 15783 | D:14     | Killed a vault guard
 16043 | D:14     | Reached skill level 14 in Axes
 16109 | D:15     | Entered Level 15 of the Dungeon
 16865 | D:14     | Found a gate to the Vaults.
 17091 | D:15     | Reached XP level 14. HP: 68/130 MP: 11/20
 17367 | D:15     | Found a staircase to the Depths.
 17377 | D:15     | Reached skill level 1 in Evocations
 17569 | D:15     | Identified the cursed +1 morningstar "Feteqyv" {flame,
                  | +Blink rElec rC+}
 17941 | D:15     | Gained mutation: You have a somewhat thin skeletal
                  | structure. (Dex +2, Stealth) [potion of mutation]
 17941 | D:15     | Gained mutation: You have a beak for a mouth. [potion of
                  | mutation]
 17941 | D:15     | Gained mutation: You evolve. [potion of mutation]
 18033 | Lair:1   | Entered Level 1 of the Lair of Beasts
 18213 | Lair:1   | Noticed Nergalle
 18231 | Lair:1   | Killed Nergalle
 18556 | Lair:1   | Noticed Urug
 18585 | Lair:2   | Killed Urug
 19117 | Lair:2   | Reached skill level 15 in Axes
 19197 | Lair:2   | Found a hole to the Spider Nest.
 19385 | Lair:2   | Found a staircase to the Shoals.
 19762 | Lair:3   | Found a gate leading to a gauntlet.
 19772 | Lair:3   | Reached ***** piety under the Shining One
 19793 | Gauntlet | Entered a Gauntlet
 19793 | Gauntlet | Found a transporter.
 19793 | Gauntlet | Found a transporter.
 19828 | Gauntlet | Found a transporter.
 19828 | Gauntlet | Found a transporter.
 19854 | Gauntlet | Found a transporter.
 19858 | Gauntlet | Found a large runed translucent door.
 19859 | Gauntlet | Found a large runed translucent door.
 19861 | Gauntlet | Found a runed translucent gate.
 19862 | Gauntlet | Found a transporter.
 19862 | Gauntlet | Found a transporter.
 19862 | Gauntlet | Found a runed translucent gate.
 19863 | Gauntlet | Found a runed translucent gate.
 19865 | Gauntlet | Found a large runed translucent door.
 19866 | Gauntlet | Found a large runed translucent door.
 19878 | Gauntlet | Found a large runed translucent door.
 19878 | Gauntlet | Found a large runed translucent door.
 19879 | Gauntlet | Found a large runed translucent door.
 19879 | Gauntlet | Found a large runed translucent door.
 19886 | Gauntlet | Found a transporter.
 19889 | Gauntlet | Found a large runed translucent door.
 19889 | Gauntlet | Found a large runed translucent door.
 19889 | Gauntlet | Found a runed translucent door.
 19889 | Gauntlet | Found a runed translucent door.
 19890 | Gauntlet | Found a large runed translucent door.
 19891 | Gauntlet | Found a large runed translucent door.
 19893 | Gauntlet | Found a transporter.
 19905 | Gauntlet | Found a transporter.
 19945 | Gauntlet | Found a transporter.
 19960 | Gauntlet | Found a transporter.
 19981 | Gauntlet | Found a transporter.
 19993 | Gauntlet | Found a large runed translucent door.
 19993 | Gauntlet | Found a large runed translucent door.
 19994 | Gauntlet | Found a large runed translucent door.
 19995 | Gauntlet | Found a large runed translucent door.
 20339 | Gauntlet | Identified the +10 halberd "robloxmaster's Regret" {drain,
                  | Dex+2}
 20339 | Gauntlet | Identified the ring of Lab Jein {*Tele Int+4}
 20633 | Lair:3   | Gained mutation: You do not regenerate when monsters are
                  | visible. [evolution]
 21801 | Lair:4   | Reached XP level 15. HP: 139/139 MP: 21/21
 22658 | Lair:5   | Found a staircase to the Slime Pits.
 23104 | Lair:6   | Entered Level 6 of the Lair of Beasts
 23147 | Lair:6   | Found a dark tunnel.
 23170 | Volcano  | Entered a volcano
 23199 | Volcano  | Reached skill level 5 in Evocations
 23487 | Lair:6   | Found a basalt altar of Yredelemnul.
 23709 | Lair:6   | Identified a scroll of acquirement
 23709 | Lair:6   | Acquired a manual of Dodging
 23867 | Lair:6   | Reached skill level 15 in Fighting
 23874 | Lair:6   | Reached skill level 16 in Axes
 23874 | Lair:6   | Reached skill level 1 in Dodging
 25242 | Orc:1    | Entered Level 1 of the Orcish Mines
 25273 | Orc:1    | Found Viria's Jewellery Emporium.
 25274 | Orc:1    | Noticed Fannar
 25295 | Orc:1    | Killed Fannar
 25501 | Orc:2    | Entered Level 2 of the Orcish Mines
 25509 | Orc:1    | Lost mutation: You evolve. [end of evolution]
 25634 | Orc:2    | Found a staircase to the Elven Halls.
 25637 | Orc:2    | Found Zorivvepn's Armour Boutique.
 25711 | Orc:2    | Reached XP level 16. HP: 125/149 MP: 16/22
 25738 | Orc:2    | Reached skill level 5 in Dodging
 25744 | Orc:2    | Found Byceaf's Book Shoppe.
 25744 | Orc:2    | Found Wirus's Magic Scroll Boutique.
 25898 | Orc:2    | Found Egerer's Weapon Emporium.
 25899 | Orc:2    | Found Luqinn's Armour Shop.
 25906 | Orc:2    | Bought a scroll of summoning for 114 gold pieces
 26550 | Spider:1 | Entered Level 1 of the Spider Nest
 26975 | Spider:1 | Reached ****** piety under the Shining One
 27085 | Spider:1 | Noticed Erdrick0110's ghost (adept HOFi)
 27088 | Spider:1 | Found a transporter.
 27101 | Spider:1 | Found a transporter.
 27595 | Spider:1 | Reached skill level 17 in Axes
 27910 | Spider:2 | Reached skill level 15 in Armour
 27913 | Spider:2 | Reached skill level 15 in Shields
 28636 | Spider:3 | Reached XP level 17. HP: 159/159 MP: 23/23
 29616 | Spider:4 | Entered Level 4 of the Spider Nest
 29832 | Spider:4 | Acquired a +0 vorpal broad axe
 29881 | Spider:4 | Noticed Aizul
 29894 | Spider:4 | Killed Aizul
 30285 | Spider:4 | Reached skill level 18 in Axes
 31362 | Spider:4 | Got a gossamer rune of Zot
 31710 | Vaults:1 | Entered Level 1 of the Vaults
 31710 | Vaults:1 | Found Liddadae's Assorted Antiques.
 31722 | Vaults:1 | Bought a scroll of teleportation for 84 gold pieces
 31818 | Vaults:1 | Reached skill level 10 in Dodging
 31837 | Vaults:1 | Reached XP level 18. HP: 170/170 MP: 24/24
 32206 | Vaults:1 | Paralysed by a great orb of eyes for 2 turns
 32483 | Vaults:1 | Paralysed by a wizard for 2 turns
 32963 | Vaults:1 | Reached skill level 19 in Axes
 33360 | Vaults:2 | Found Izong's General Store.
 33538 | Vaults:2 | Reached XP level 19. HP: 179/179 MP: 20/25
 33940 | Vaults:2 | Found Udail's General Store.
 34250 | Vaults:2 | Found Riruzagg's Magic Scroll Boutique.
 34280 | Vaults:2 | Found Gamuagui's Antique Armour Emporium.
 34648 | Vaults:2 | Found a staircase to the Crypt.
 35001 | Vaults:3 | Found a runed translucent gate.
 35001 | Vaults:3 | Found a runed translucent gate.
 35001 | Vaults:3 | Found a runed translucent gate.
 35001 | Vaults:3 | Noticed a lich
 35003 | Vaults:3 | Noticed phalm's ghost (adept GnCj)
 35011 | Vaults:3 | Found the +6 Majin-Bo {vamp, MP+6 Int+6}
 35474 | Vaults:3 | Reached skill level 20 in Axes
 35536 | Vaults:3 | Killed a lich
 35699 | Vaults:3 | Reached XP level 20. HP: 152/189 MP: 26/26
 36445 | Vaults:4 | Identified the ring of Lady Luck {Wiz rF+ rC- Int+4}
 37272 | Vaults:4 | Found Kuwar's Armour Shoppe.
 37399 | Vaults:5 | Entered Level 5 of the Vaults
 37457 | Vaults:5 | Reached skill level 21 in Axes
 37487 | Vaults:5 | Reached XP level 21. HP: 175/200 MP: 27/27
 37591 | Vaults:5 | Identified the ring of the Visionary {Wiz Dex+4}
 37597 | Vaults:5 | Noticed an ancient lich
 37644 | Vaults:5 | Noticed an ancient lich
 37706 | Vaults:5 | Killed from afar by a tengu reaver

Illustrated notes

Levels and vault maps discovered:
D:1:      lemuel_arrival_room, layout_loops_ring
D:2:      layout_rooms, nzn_wu_jian_contemplation, glass_columns_b, uniq_terence
D:3:      layout_loops_ring, overflow_temple_1_default, led_sif_book
D:4:      layout_cave_pools, minmay_temple_entry_stoned_glass, serial_shops,
          shop_statue, portal_sewer_entry_f
D:5:      layout_cave_pools, lemuel_round_altar, zin_treasury,
          nicolae_overflow_hidden_temple, serial_shops, shop,
          nicolae_shop_crystal, minmay_lizard_king
D:6:      layout_basic, uniq_eustachio, uniq_edmund, uniq_blork_the_orc
D:7:      layout_basic, general_overflow_altar, nicolae_overflow_crystal_walls,
          chequers_guarded_unrand_ignorance
D:8:      layout_loops_cross
D:9:      layout_grid_maze, hangedman_ru_absence, basic_altar, okawaru_humans
D:10:     layout_irregular_city, kennysheep_orc_monster_closet_entryway,
          dk_vineyard_2
D:11:     layout_roguey, grunt_lair_entry_orc_guard_hut, special_room
          [special_room_orc], uniq_psyche
D:12:     wander_river, layout_irregular_city
D:13:     layout_rooms
D:14:     layout_loops_cross, david_vaults_5, lightli_bailey_entry_fortress,
          serial_park_gazebo [serial_park_minivault_5x5_6], minivault_28
D:15:     grunt_enter_depths_magical_seal, layout_cross
Temple:   minmay_temple_curvy_loop
Lair:1:   layout_big_grid, chequers_serial_rivers_room_a,
          minmay_lair_oklob_bushes, minivault_24, minmay_hedge_maze,
          minivault_11, beast_lair_carwin_1, grunt_megastairs_3, uniq_nergalle,
          uniq_urug
Lair:2:   layout_gridlike, minmay_shoals_entry_centaurs,
          spider_nest_entry_web_field, st_stairs_12, small_statue_intersection,
          beast_lair_carwin_5, infiniplex_staircase_pool, serial_bayou_shore_b
Lair:3:   layout_small_grid, gauntlet_entry_generic, serial_forest,
          infiniplex_forest_zigzag_2, infiniplex_forest_lined_2,
          infiniplex_forest_join, infiniplex_forest_side_room,
          infiniplex_forest_straight_3, infiniplex_forest_clump_cross,
          infiniplex_forest_clump_small, infiniplex_forest_end_3,
          infiniplex_forest_straight_2, serial_bayou_shore_b,
          infiniplex_staircase_pool_2, lemuel_fruit_tree
Lair:4:   layout_hall_layers, serial_bayou_shore_b
Lair:5:   layout_cave_pods, minmay_slime_entry_oklob_enclosed
Lair:6:   evilmike_catoblepas_cave, layout_cave_shapes, basic_altar,
          enter_volcano_3, zaba_antful_of_joy
Spider:1: layout_spider_delve, gammafunk_ghost_arena,
          hangedman_spider_tarantella_strand
Spider:2: layout_spider_delve
Spider:3: layout_spider_delve
Spider:4: guppyfry_spider_rune, uniq_aizul
Orc:1:    layout_diamond_mine, serial_shops, nicolae_shop_crystal,
          minmay_orc_barracks, uniq_erica, uniq_fannar, uniq_josephine
Orc:2:    st_orc_rangers, layout_caves, serial_shops, shop
Vaults:1: nicolae_vaults_quadrants, ontoclasm_vaults_loading_screen, v_misc_29,
          dpeg_vaults_monster_box, vaults_room_boxed, v_alt_pattern_5,
          nicolae_vaults_windows_and_doors_thing, grunt_vaults_funnel,
          layout_vaults_ring, serial_shops,
          nicolae_shop_temple_entry_statues_fountains
Vaults:2: v_misc_12, vaults_room_octagon, nicolae_vaults_stairing_the_circle,
          ontoclasm_vaults_idyll, nicolae_vaults_halls_meeting, v_misc_30,
          nicolae_vaults_network_star, minmay_crypt_entry_simple_corners,
          nicolae_vaults_little_squares_6, hangedman_vaults_corner,
          layout_vaults_big_cross, serial_shops, shop, shop, shop,
          nicolae_shop_behind_doors
Vaults:3: gammafunk_vaults_ghost_tricky_traps, ontoclasm_vaults_tryst,
          v_misc_11, ontoclasm_vaults_gallery, nicolae_vaults_little_squares_2,
          nicolae_vaults_sealed_display, nicolae_vaults_little_squares_6,
          v_misc_17, ontoclasm_vaults_eye, vaults_room_pool,
          layout_vaults_big_room
Vaults:4: hangedman_vaults_river_flow, vaults_room_pool, v_misc_14,
          hangedman_vaults_stitches, vaults_mumra_minichess_inversion,
          vaults_room_hangedman_quadrants, v_alt_pattern_6,
          ontoclasm_vaults_ligature, v_misc_29, v_alt_pattern_6,
          nicolae_vaults_circle_grid_a, vaults_room_pool, vaults_dpeg_doors,
          layout_vaults_maze, serial_shops, shop
Vaults:5: serial_shops

Skill      XL: |  1  2  3  4  5  6  7  8  9 10 11 12 13 14 15 16 17 18 19 20 21 |
---------------+----------------------------------------------------------------+-----
Axes           | 3 4 5 6 7 9 10 12 13 14 15 16 17 18 19 20 21 | 21.4
Fighting       | 4 5 6 7 9 10 11 12 13 14 15 16 17 18 19 20 | 20.1
Shields        | 4 5 6 8 9 10 11 12 13 14 15 16 17 18 | 18.8
Armour         | 4 5 6 8 9 10 11 12 13 14 15 16 17 18 | 18.7
Invocations    | 2 6 9 |  9.3
Evocations     | 4 5 |  5.4
Dodging        | 4 7 10 11 12 | 12.0

Action                   |  1- 3 |  4- 6 |  7- 9 | 10-12 | 13-15 | 16-18 | 19-21 || total
-------------------------+-------+-------+-------+-------+-------+-------+-------++-------
Melee: War axe           |    77 |   157 |   295 |   764 |   898 |  1144 |   533 ||  3868
       Peck              |       |       |       |       |   192 |   360 |   251 ||   803
       Broad axe         |       |       |       |       |       |       |   145 ||   145
Throw: Throwing net      |       |       |       |       |     5 |       |       ||     5
Invok: Divine Shield     |       |       |       |     4 |     5 |     5 |     7 ||    21
       Cleansing Flame   |       |       |       |       |    11 |     2 |    12 ||    25
       Summon Divine War |       |       |       |       |     1 |       |     3 ||     4
Evoke: Wand              |       |       |       |    10 |       |     1 |       ||    11
  Use: Potion            |     1 |     3 |     5 |     5 |    15 |       |     9 ||    38
       Scroll            |       |       |    10 |     8 |     6 |     2 |     9 ||    35
Armor: Scale mail        |    30 |    83 |    73 |       |       |       |       ||   186
       Skin              |       |       |     6 |    42 |    11 |       |       ||    59
       Chain mail        |       |       |    73 |   131 |     9 |       |       ||   213
       Crystal plate arm |       |       |       |    20 |   208 |   316 |   123 ||   667
Dodge: Dodged            |    20 |    59 |    91 |    83 |    48 |   150 |    88 ||   539
Block: Kite shield       |    45 |    68 |   169 |   180 |       |       |       ||   462
       Tower shield      |       |       |       |   748 |  1001 |  1749 |   843 ||  4341
       Reflection        |       |       |       |       |    35 |    80 |    87 ||   202
